 Dungeon Crawl Stone Soup version 0.32-a0-520-g344ed53f66 (webtiles) character file.

Game seed: 12847348478092408984

62 pokeman the Magician (level 3, 0/20 HPs)
             Began as a Deep Elf Hedge Wizard on Feb 28, 2024.
             Slain by Menkaure (3 damage)
             ... on level 4 of the Dungeon.
             The game lasted 00:04:42 (3423 turns).

pokeman the Magician (Deep Elf Hedge Wizard)        Turns: 3423, Time: 00:04:42

Health: 0/20       AC:  5    Str:  7    XL:     3   Next: 85%
Magic:  0/11       EV: 12    Int: 20    God:
Gold:   238        SH:  0    Dex: 14    Spells: 4/12 levels left

rFire   . . .        a - +0 dagger
rCold   . . .        (no shield)
rNeg    . . .        b - +0 robe
rPois   .            c - +0 hat
rElec   .            (no cloak)
rCorr   .            v - +0 pair of gloves
SInv    .            k - +1 pair of boots
Will    +....        (no amulet)
Stlth   ++           p - ring of willpower
HPRegen 0.23/turn    (no ring)
MPRegen 0.12/turn

%: no passive effects
@: very slightly contaminated
A: no striking features
a: no special abilities


You were on level 4 of the Dungeon.
You visited 1 branch of the dungeon, and saw 4 of its levels.

You collected 238 gold pieces.

Inventory:

Hand Weapons
 a - a +0 dagger (weapon)
Armour
 b - a +0 robe (worn)
 c - a +0 hat (worn)
 k - a +1 pair of boots (worn)
 v - a +0 pair of gloves (worn)
Magical Staves
 o - a staff of fire
Jewellery
 p - a ring of willpower (left hand)
Scrolls
 e - 4 scrolls of blinking {unknown}
 g - 4 scrolls of teleportation {unknown}
 i - a scroll of amnesia {unknown}
 j - a scroll of immolation {unknown}
 l - 3 scrolls of identify {unknown}
 n - a scroll of fog {unknown}
 u - a scroll of silence {unknown}
Potions
 d - 3 potions of magic
 f - a potion of invisibility {unknown}
 h - a potion of lignification {unknown}
 m - 2 potions of curing {unknown}
 q - a potion of mutation {unknown}
 r - 2 potions of brilliance {unknown}
 s - a potion of haste {unknown}
 t - a potion of berserk rage {unknown}


   Skills:
 - Level 1.0 Fighting
 - Level 1.0 Armour
 + Level 2.5 Dodging
 + Level 2.5 Stealth
 * Level 5.4 Spellcasting
 + Level 2.1 Conjurations
 - Level 1.1 Summonings
 - Level 1.1 Translocations


You had 4 spell levels left.
You knew the following spells:

 Your Spells              Type           Power      Damage    Failure   Level
a - Magic Dart            Conj           52%        1d5       4%          1
b - Mephitic Cloud        Conj/Alch/Air  8%         N/A       26%         3
c - Call Imp              Summ           18%        N/A       11%         2
d - Blink                 Tloc           18%        N/A       11%         2

Your spell library contained the following spells:

 Spells                   Type           Power      Damage    Failure   Level
 Slow                     Hex            20%        N/A       11%         1
 Cigotuvi's Dreadful Rot  Necr/Alch/Air  10%        N/A       17%         2


Dungeon Overview and Level Annotations

Branches:
Dungeon (4/15)
 Temple: D:4-7

Altars:

Annotations:
D:4 Eustachio, Menkaure


Message History

Aiming: Magic Dart (safe; 4% risk of failure)
Press: ? - help, Shift-Dir - straight line, f/p - Menkaure
Aim: Menkaure (severely damaged, 100% to hit)
The magic dart hits Menkaure.
Menkaure is almost destroyed.
Menkaure gestures at you while chanting.
Pain shoots through your body!
* * * LOW HITPOINT WARNING * * *
Casting: Magic Dart (safe; 4% risk of failure)
Confirm with . or Enter, or press ? or * to list all spells.
Aiming: Magic Dart (safe; 4% risk of failure)
Press: ? - help, Shift-Dir - straight line, f/p - Menkaure
Aim: Menkaure (almost destroyed, 100% to hit)
You miscast Magic Dart.
You are very lightly contaminated with residual magic.
Nothing appears to happen.
Menkaure casts a spell at you. You resist with some effort.
Casting: Magic Dart (safe; 4% risk of failure)
Confirm with . or Enter, or press ? or * to list all spells.
Aiming: Magic Dart (safe; 4% risk of failure)
Press: ? - help, Shift-Dir - straight line, f/p - Menkaure
Aim: Menkaure (almost destroyed, 100% to hit)
The magic dart hits Menkaure.
Menkaure is almost destroyed.
Menkaure casts a spell at you. You resist with some effort.
Casting: Magic Dart (safe; 4% risk of failure)
Confirm with . or Enter, or press ? or * to list all spells.
Aiming: Magic Dart (safe; 4% risk of failure)
Press: ? - help, Shift-Dir - straight line, f/p - Menkaure
Aim: Menkaure (almost destroyed, 100% to hit)
You miscast Magic Dart.
Nothing appears to happen.
Menkaure misses you.
Unknown command.
You hit Menkaure but do no damage.
Menkaure is almost destroyed.
You hit Menkaure.
Menkaure is almost destroyed.
Menkaure hits you.
You die...

#.# #......####.#
#.# #...........##
#.# #..>###......#
#.# #...##....)..#
#.# #............#
#.#..#.#........##
##.####.##.......#
#.<.# #..#......##
##.####.##...@.##
#....#..###..M##
##........#....
#............#...
######....##.#....
.....#........
##..^..#.#.#.#.#
..............#
.......#..


You could see Menkaure.

Vanquished Creatures
  An adder (D:2)
  2 dart slugs
  5 endoplasms
  3 giant cockroaches
  3 hobgoblins
  2 quokkas (D:1)
  A ball python (D:2)
  7 bats
  3 frilled lizards
  5 goblins
  6 kobolds
  9 rats
47 creatures vanquished.

Notes
Turn   | Place    | Note
-------+----------+-------------------------------------------
     0 | D:1      | pokeman the Deep Elf Hedge Wizard began the quest for the
                  | Orb.
     0 | D:1      | Reached XP level 1. HP: 10/10 MP: 7/7
   361 | D:1      | Reached XP level 2. HP: 16/16 MP: 5/9
  1570 | D:2      | Reached skill level 5 in Spellcasting
  1887 | D:2      | Reached XP level 3. HP: 20/20 MP: 8/11
  1891 | D:2      | Learned a level 3 spell: Mephitic Cloud
  1894 | D:2      | Learned a level 2 spell: Call Imp
  1897 | D:2      | Learned a level 2 spell: Blink
  2095 | D:2      | Reached skill level 1 in Armour
  2190 | D:2      | Reached skill level 1 in Fighting
  3284 | D:4      | Noticed an ogre
  3289 | D:4      | Noticed Eustachio
  3409 | D:4      | Noticed Menkaure
  3423 | D:4      | Slain by Menkaure

Illustrated notes

Levels and vault maps discovered:
D:1:      lightli_arrival_statue_moat, layout_basic
D:2:      layout_loops_ring
D:3:      layout_basic, chequers_serial_rivers_small_b
D:4:      minmay_general_purpose_star, layout_cave_pools,
          serial_co_window_serial, co_window_paths_b, co_window_cross_1,
          co_window_of_opportunity_a, co_window_corner_a,
          co_window_of_opportunity_a, co_window_unsneaky_path_b,
          co_window_corner_b, co_window_2corner, co_window_corner_b,
          glass_columns_c, glass_columns_c, glass_columns_a, uniq_menkaure,
          uniq_eustachio, uniq_grinder

Skill      XL: |  1  2  3 |
---------------+----------+-----
Spellcasting   | 5 |  5.4
Armour         | 1 |  1.0
Fighting       | 1 |  1.0
Conjurations   | 2 |  2.1
Dodging        | |  2.5
Stealth        | |  2.5
Summonings     | |  1.1
Translocations | |  1.1

Action                     || total
---------------------------++-------
  Melee: Dagger            ||    13
   Cast: Magic Dart        ||   131
         Mephitic Cloud    ||     3
   Stab: Confused          ||     1
 Armour: Robe              ||    14
  Dodge: Dodged            ||    21
         Repelled          ||     3

Table legend: (Time is in decaauts)
 A = Elapsed time spent in this place.
 B = Non-inter-level travel time spent in this place.
 C = Inter-level travel time spent in this place.
 D = Time resting spent in this place.
 E = Time spent auto-exploring this place.
 F = Levels seen in this place.
 G = Mean time per level.
                   A        B        C        D        E       F      G
               +--------+--------+--------+--------+--------+-----+--------+
         Total |   3421 |   3240 |    181 |     41 |   2848 |   4 |  855.2 |
       Dungeon |   3421 |   3240 |    181 |     41 |   2848 |   4 |  855.2 |
               +--------+--------+--------+--------+--------+-----+--------+

Top non-repeatable levels by time:
     D:1: 1506 daAuts
     D:2: 1138 daAuts
     D:3: 696 daAuts
     D:4: 80 daAuts
